Map: Catalyst LE

Players

Optimus

  • Race: Terran Terran
  • League: Master
  • Spawn Location: 5:00

Namshar - Winner!

  • Race: Zerg Zerg
  • League: Grandmaster
  • Spawn Location: 11:00

Event: HomeStory Cup XVII

VOD

Have the link to the VOD?

Description

Time

  • Played on: June 28, 2018, 6:59 p.m.
  • Length: 5:33

All games in this series

Show
View Real Time Build Order
Export as new Build Order

Optimus Terran 

Build Orders:  

Get SALT Encoding   

  12  0:00  SCV  
  13  0:13  SCV  
  14  0:17  Supply Depot  
  14  0:25  SCV  
  15  0:39  SCV  
  15  0:40  Barracks  
  16  0:43  Refinery  
  16  0:51  SCV  
  17  0:58  Barracks  
  17  1:03  SCV  
  18  1:15  Barracks  
  18  1:20  SCV  
  19  1:28  Reaper  
  19  1:32  Refinery  
  20  1:43  Orbital Command  
  20  1:47  Reaper  
  21  1:55  Supply Depot  
  21  2:00  Reaper  
  22  2:08  Reaper  
  23  2:16  SCV  
  23  2:20  Reaper  
  23  2:22  Supply Depot  
  25  2:29  SCV  
  26  2:32  Reaper  
  27  2:40  Reaper  
  27  2:41  SCV  
  29  2:52  Reaper  
  29  2:53  SCV  
  31  3:04  Command Center  
  31  3:05  Reaper  
  31  3:10  SCV  
  34  3:12  Reaper  
  34  3:24  Reaper  
  34  3:25  SCV  
  36  3:31  Supply Depot  
  36  3:38  Reaper  
  37  3:45  Reaper  
  38  3:55  Barracks  
  38  3:58  Barracks  
  38  3:59  Reaper  
  38  4:01  SCV  
  40  4:03  Refinery  
  40  4:10  Reaper  
  40  4:13  Factory, SCV  
  40  4:25  Reaper  
  40  4:27  SCV  
  40  4:29  Orbital Command  
  41  4:36  Reaper  
  42  4:39  SCV  
  42  4:42  Reaper  
  45  4:45  Reaper  
  45  4:51  SCV  
  45  4:56  SCV  
  45  4:58  Reaper  
  48  5:01  Supply Depot  
  48  5:04  SCV  
  48  5:06  Starport  
  48  5:07  Factory Reactor  
  48  5:08  Refinery  
  48  5:09  SCV  
  50  5:16  SCV  
  52  5:21  SCV  
Show
View Real Time Build Order
Export as new Build Order

Namshar Zerg - Winner!

Build Orders: Hatch First 

Get SALT Encoding   

  12  0:01  Drone  
  13  0:12  Overlord  
  13  0:17  Drone  
  14  0:30  Drone x2  
  14  0:34  Drone  
  17  0:51  Hatchery  
  17  0:54  Drone  
  17  0:58  Drone  
  18  1:09  Extractor  
  17  1:13  Spawning Pool  
  17  1:16  Drone  
  17  1:19  Drone  
  18  1:28  Drone  
  19  1:38  Drone  
  20  1:50  Overlord  
  20  1:59  Queen  
  22  2:02  Queen  
  22  2:03  Zergling x4  
  26  2:11  Drone  
  26  2:14  Drone  
  28  2:23  Hatchery  
  28  2:26  Drone  
  28  2:30  Drone  
  29  2:37  Drone x2  
  29  2:41  Metabolic Boost  
  31  2:46  Overlord  
  31  2:52  Queen  
  33  3:02  Queen  
  33  3:05  Zergling x4  
  36  3:10  Zergling x6  
  39  3:17  Zergling x2  
  39  3:18  Zergling x2  
  39  3:27  Zergling x6  
  39  3:32  Queen  
  43  3:43  Queen  
  43  3:48  Overlord x2  
  44  3:53  Zergling x6  
  47  3:59  Zergling x4  
  49  4:04  Overlord  
  49  4:08  Queen  
  45  4:26  Zergling x18  
  45  4:27  Drone  
  54  4:39  Zergling x6  
  55  4:51  Zergling x6  
  56  5:01  Drone  
  56  5:02  Drone x7  
  66  5:08  Overlord  
Tags
 
Add a new tag
Caveats
  • Supply blocks, unpowered buildings, or Contaminate may cause inaccurate times.
  • Supply counts are checked every 10 seconds.